 Seeded DCSS version 0.26.1-12-g5ba1501909 (webtiles) character file.

Game seed: 20211018 (custom seed)

23 jessy the Firebug (level 3, 0/24 HPs)
             Began as a Human Fire Elementalist on Oct 18, 2021.
             Succumbed to a kobold's poison
             ... on level 3 of the Dungeon.
             The game lasted 00:03:15 (736 turns).

jessy the Firebug (Human Fire Elementalist)          Turns: 736, Time: 00:03:16

Health: 0/24       AC:  5    Str:  8    XL:     3   Next: 12%
Magic:  6/6        EV: 10    Int: 15    God:
Gold:   68         SH:  0    Dex: 14    Spells: 5/6 levels left

rFire    . . .     SeeInvis .   j - +1 short sword (speed)
rCold    . . .     Faith    .   (no shield)
rNeg     . . .     Spirit   .   h - +0 ring mail
rPois    .         Reflect  .   (no helmet)
rElec    .         Harm     .   (no cloak)
rCorr    .         Rampage  .   (no gloves)
Will     .....                  (no boots)
Stlth    +.........             (no amulet)
HPRegen  0.08/turn              (no ring)
MPRegen  0.10/turn              (no ring)

@: lethally poisoned (0 -> -15)
A: no striking features
a: no special abilities


You were on level 3 of the Dungeon.
You visited 1 branch of the dungeon, and saw 3 of its levels.

You collected 68 gold pieces.

Inventory:

Hand Weapons
 b - a +0 spear
 d - a +0 short sword
 g - a +0 dagger
 j - a +1 short sword of speed (weapon)
Missiles
 c - 2 boomerangs (quivered)
Armour
 a - a +0 robe
 h - a +0 ring mail (worn)
Scrolls
 e - 2 scrolls of amnesia {unknown}
 f - a scroll of identify {unknown}
Potions
 i - a potion of resistance {unknown}


   Skills:
 + Level 1.3 Polearms
 + Level 2.2 Dodging
 + Level 2.0 Stealth
 + Level 2.0 Spellcasting
 + Level 1.0 Conjurations
 + Level 3.4 Fire Magic


You had 5 spell levels left.
You knew the following spells:

 Your Spells              Type           Power        Failure   Level
a - Foxfire               Conj/Fire      32%          26%         1

Your spell library contained the following spells:

 Spells                   Type           Power        Failure   Level
 Conjure Flame            Conj/Fire      8%           63%         3
 Inner Flame              Hex/Fire       6%           69%         3
 Sticky Flame             Conj/Fire      8%           95%         4
 Fireball                 Conj/Fire      4%           100%        5


Dungeon Overview and Level Annotations

Branches:
Dungeon (3/15)

Altars:


Message History

You feel sick.
The kobold throws a poisoned dart.
The poisoned dart hits you!
You are lethally poisoned!
You see here 5 poisoned darts.
You feel sick.
The kobold throws a poisoned dart.
The poisoned dart hits you!
You are more poisoned.
There is an open door here.
You see here a poisoned dart.
You feel sick.
* * * LOW HITPOINT WARNING * * *
You feel sick.
There is a lethal amount of poison in your body!
* * * LOW HITPOINT WARNING * * *
You feel sick.
* * * LOW HITPOINT WARNING * * *
You feel sick.
* * * LOW HITPOINT WARNING * * *
You feel sick.
* * * LOW HITPOINT WARNING * * *
You feel sick.
You die...

#.#.#.# .. #.#.#.. ..
#.#.##.#. #########.#..
... #..........# #.#
#..........# #.#
#..........####.####
#..................
#######.@.....######)####
......'...............# #
#######.......######..# #
#.......# #..# #
###.......## ##.# #
#((......... .. #
#K#.......### #.
#.######### #(#


There were no monsters in sight!

Vanquished Creatures
  An adder (D:3)
  A dart slug (D:1)
  3 bats
  2 goblins (D:1)
  A hobgoblin (D:1)
  A frilled lizard (D:3)
  3 kobolds
  2 rats (D:1)
14 creatures vanquished.

Vanquished Creatures (others)
  2 foxfires (D:1)
2 creatures vanquished.

Grand Total: 16 creatures vanquished

Notes
Turn   | Place    | Note
-------+----------+-------------------------------------------
     0 | D:1      | jessy the Human Fire Elementalist began the quest for the
                  | Orb.
     0 | D:1      | Reached XP level 1. HP: 13/13 MP: 3/3
    82 | D:1      | Reached XP level 2. HP: 6/19 MP: 5/5
   724 | D:3      | Reached skill level 1 in Polearms
   724 | D:3      | Reached XP level 3. HP: 13/24 MP: 6/6
   735 | D:3      | HP: 1/24 [poisoned by a kobold]
   736 | D:3      | Succumbed to a kobold's poison

Illustrated notes

Levels and vault maps discovered:
D:1:      co_arrival_square_in_a_square_in_a_square, layout_basic,
          chequers_serial_rivers_marsh
D:2:      layout_basic
D:3:      layout_basic, kennysheep_generic_room_11

Skill      XL: |  1  2 |
---------------+-------+-----
Polearms       | 1 |  1.3
Dodging        | |  2.2
Stealth        | |  2.0
Spellcasting   | |  2.0
Conjurations   | |  1.0
Fire Magic     | |  3.4

Action                   || total
-------------------------++-------
Melee: Spear             ||    35
       Short sword       ||    19
 Cast: Foxfire           ||     1
  Use: Potion            ||     1
Armor: Robe              ||     9
       Ring mail         ||     5
Dodge: Dodged            ||    52
